 Dungeon Crawl Stone Soup version 0.20-a0-799-g1217706 (webtiles) character file.

93 AlphabetPasta the Vexing (level 4, -4/33 HPs)
             Began as a Centaur Enchanter on Mar 1, 2017.
             Slain by an orc wizard
             ... wielding a +2 dagger of speed
              (5 damage)
             ... on level 3 of the Dungeon.
             The game lasted 00:08:48 (2393 turns).

AlphabetPasta the Vexing (Centaur Enchanter)        Turns: 2393, Time: 00:08:49

Health: -4/33      AC:  4    Str: 10    XL:     4   Next: 37%
Magic:  3/6        EV: 10    Int: 19    God:
Gold:   18         SH:  0    Dex: 13    Spells: 3/6 levels left

rFire    . . .     SeeInvis .   a - +1 dagger
rCold    . . .     Gourm    .   b - +0 robe
rNeg     . . .     Faith    .   (no shield)
rPois    .         Spirit   .   (no helmet)
rElec    .         Reflect  .   (no cloak)
rCorr    .         Harm     .   (no gloves)
MR       .....                  (no barding)
Stlth    ++........             (no amulet)
Regen    0.2/turn               (no ring)
MPRegen  0.1/turn               j - ring of wizardry

@: brilliant, very quick
A: hooves 3, agile 1, deformed body, speed 2, mutation resistance 1, sense
surroundings 1, tough skin 3
a: no special abilities


You were on level 3 of the Dungeon.
You were not hungry.

You visited 1 branch of the dungeon, and saw 3 of its levels.

You collected 18 gold pieces.

Inventory:

Hand Weapons
 a - a +1 dagger (weapon)
 f - a +0 trident
 h - a +0 spear
Missiles
 e - 79 arrows
Armour
 b - a +0 robe (worn)
Jewellery
 j - a ring of wizardry (left hand)
Scrolls
 g - 3 scrolls of remove curse
Books
 c - a book of Maledictions

   Spells                             Type                      Level
   a - Corona                         Hexes                        1
   b - Ensorcelled Hibernation        Hexes/Ice                    2
   c - Confuse                        Hexes                        3
   d - Tukima's Dance                 Hexes                        3
   e - Dazzling Spray                 Conjuration/Hexes            3
Comestibles
 d - a royal jelly
 k - 2 meat rations
 l - 2 chunks of flesh


   Skills:
 * Level 1.9 Short Blades
 + Level 1.8 Dodging
 * Level 2.3 Stealth
 + Level 1.8 Spellcasting
 * Level 3.3 Hexes


You had 3 spell levels left.
You knew the following spells:

 Your Spells              Type           Power        Failure   Level  Hunger
a - Corona                Hex            ####...      1%          1    #......
b - Ensorcelled Hibernat  Hex/Ice        ###...       1%          2    ###....


Dungeon Overview and Level Annotations

Branches:
Dungeon (3/15)

Altars:
Qazlal
Uskayaw


Innate Abilities, Weirdness & Mutations

You have hooves in place of feet.
Armour fits poorly on your strangely shaped body.
You cover ground very quickly.
You have extremely tough skin. (AC +3)
You are agile. (Dex +2)
You are somewhat resistant to further mutation.
You passively map a small area around you.


Message History

You kill the orc!
You hear some strange, mumbled words.
A puff of frost appears from out of thin air!
The puff of frost hits you!
A magic dart appears from out of thin air!
The magic dart hits you! Something hits you.
Items here: ))) [ † a flail; a club; a dagger; a chain mail; an orc corpse You closely miss something.
Something hits you.
You barely miss something. Your kick misses something. Something hits you!
* * * LOW HITPOINT WARNING * * *
Something hits you.
* * * LOW HITPOINT WARNING * * *
It was a potion of brilliance.
You feel clever all of a sudden. Something hits you.
* * * LOW HITPOINT WARNING * * *
Something hits you.
You die...

, ,, * , ###...##
,........,, , ,,
,#.....# * , ,
#.....# # ,,
#.....# , #.. ,
*#.....#
#....####..[..# ,
,,,....go{@'.....+,
#########.....# *
######### ###....#
* .....)..#
###......# *
######.# #........#
, #......#
#.#......#
#.###..###.#...####
#.# #......#...#
#.###..........#


You could see an orc and a hobgoblin.

Vanquished Creatures
  An orc priest (D:3)
  3 adders (D:2)
  A worm (D:2)
  2 orcs (D:3)
  6 giant cockroaches
  3 goblins
  5 hobgoblins
  2 kobolds
  A quokka (D:3)
  3 bats
  A frilled lizard (D:1)
  5 rats
33 creatures vanquished.

Notes
Turn   | Place    | Note
-------+----------+-------------------------------------------
     0 | D:1      | AlphabetPasta the Centaur Enchanter began the quest for the Orb.
     0 | D:1      | Reached XP level 1. HP: 14/14 MP: 3/3
    25 | D:1      | Reached skill level 1 in Short Blades
   149 | D:1      | Reached XP level 2. HP: 12/20 MP: 4/4
   153 | D:1      | Learned a level 2 spell: Ensorcelled Hibernation
   176 | D:1      | Gained mutation: You are somewhat resistant to further mutation. [potion of mutation]
   176 | D:1      | Gained mutation: You are agile. (Dex +2) [potion of mutation]
   176 | D:1      | Gained mutation: You passively map a small area around you. [potion of mutation]
  1069 | D:2      | Learned a level 2 spell: Ensorcelled Hibernation
  1079 | D:2      | Reached skill level 3 in Hexes
  1390 | D:2      | Reached XP level 3. HP: 13/26 MP: 2/5
  1808 | D:2      | Found a hide-covered altar of Uskayaw.
  1808 | D:2      | Found a stormy altar of Qazlal.
  2384 | D:3      | Reached XP level 4. HP: 31/33 MP: 3/6
  2393 | D:3      | HP: 1/33 [something (3)]
  2393 | D:3      | Slain by an orc wizard

Vault maps used:
D:1:      onia_arrival_larder, minmay_pentomino_v4
D:2:      gammafunk_temple_overflow_wave
D:3:      chequers_ecumenical_altar_twisty, first_bread

Skill      XL: |  1  2 |
---------------+-------+-----
Short Blades   | 1 |  1.9
Hexes          | 3 |  3.3
Stealth        | 2 |  2.3
Dodging        | |  1.8
Spellcasting   | |  1.8

Action                   |  1- 3 |  4- 6 || total
-------------------------+-------+-------++-------
Melee: Dagger            |   111 |     7 ||   118
       Kick              |    15 |       ||    15
 Cast: Ensorcelled Hiber |    14 |       ||    14
       Corona            |     4 |       ||     4
  Use: Scroll            |     8 |       ||     8
       Potion            |     1 |     1 ||     2
 Stab: Sleeping          |    10 |       ||    10
  Eat: Chunk             |     3 |       ||     3
       Bread ration      |     1 |       ||     1
Armor: Robe              |    20 |       ||    20
Dodge: Dodged            |    50 |     3 ||    53
